 Dungeon Sprint DCSS version bcrawl-1.27.1d (webtiles) character file.

Game seed: 10155651188917834830

856957 Freyura the Fighter (level 7, 0/74 HPs)
             Began as a Minotaur Fighter on July 24, 2020.
             Was a Believer of the Shining One.
             Slain by a white ugly thing (29 damage)
             ... in the Dungeon (Sprint IX: "|||||||||||||||||||||||||||||").
             The game lasted 00:03:27 (376 turns).

Freyura the Fighter (Minotaur Fighter)               Turns: 376, Time: 00:03:28

Health: 0/74       AC: 10    Str: 21    XL:     7   Next: 72%
Magic:  6/9        EV: 11    Int:  5    God:    the Shining One [**....]
Gold:   0          SH: 19    Dex: 14    Spells: 6/6 levels left

rFire    . . .     SeeInvis .   m - +2 morningstar (freeze)
rCold    . . .     Gourm    .   c - +0 medium shield
rNeg     + . .     Faith    .   o - +1 scale mail
rPois    .         Spirit   .   (helmet restricted)
rElec    .         Reflect  .   (no cloak)
rCorr    .         Harm     .   n - +0 pair of gloves
MR       .....     NoTele   +   (no boots)
Stlth    ..........             (no amulet)
HPRegen  0.22/turn              q - +3 ring of dexterity
MPRegen  0.11/turn              (no ring)

@: divine shield, glowing
A: retaliatory headbutt, horns 2
a: Divine Shield, Renounce Religion


You were in the Dungeon.
You worshipped the Shining One.
The Shining One was pleased with you.
You were not hungry.

You visited 1 branch

Inventory:

Hand Weapons
 m - a +2 morningstar of freezing (weapon)
Armour
 c - a +0 medium shield (worn)
 n - a +0 pair of gloves (worn)
 o - a +1 scale mail (worn)
Jewellery
 q - a +3 ring of dexterity (left hand)
Wands
 l - a wand of iceblast (10)
Scrolls
 d - 3 scrolls of remove curse
 j - 2 scrolls of amnesia
 k - 2 scrolls of blinking
Potions
 f - 5 potions of curing
 g - 3 potions of heal wounds
 h - a potion of haste
 i - 4 potions of magic
Comestibles
 e - a ration {!d}


   Skills:
 * Level 11.0 Fighting
 * Level 10.7 Maces & Flails
 + Level 8.3 Armour
 + Level 6.6 Dodging
 + Level 8.2 Shields
 + Level 4.2 Invocations


You had 6 spell levels left.
You didn't know any spells.
Your spell library was empty.

Dungeon Overview and Level Annotations

Branches:
Dungeon (1/1)

Altars:
Cheibriados
Dithmenos
Elyvilon
Fedhas
Gozag
Hepliaklqana
Kikubaaqudgha
Lugonu
Makhleb
Nemelex Xobeh
Okawaru
Qazlal
Ru
Sif Muna
Trog
Uskayaw
Vehumet
Wu Jian
Xom
Yredelemnul
Zin
The Shining One
Beogh
Jiyva


Innate Abilities, Weirdness & Mutations

You reflexively headbutt those who attack you in melee.
You have a pair of horns on your head.


Message History

The white ugly thing is lightly wounded.
You block the white ugly thing's attack.
You hit the white ugly thing but do no damage.
Your headbutt misses the white ugly thing.
The white ugly thing is lightly wounded.
You block the white ugly thing's attack.
You puncture the white ugly thing! You freeze the white ugly thing.
You headbutt the white ugly thing.
The white ugly thing is moderately wounded.
You block the white ugly thing's attack.
You puncture the white ugly thing! You freeze the white ugly thing.
The white ugly thing is heavily wounded.
The white ugly thing bites you! The white ugly thing freezes you!!
You hit the white ugly thing.
The white ugly thing is heavily wounded.
You block the white ugly thing's attack.
You thump the white ugly thing! You freeze the white ugly thing.
The white ugly thing is severely wounded.
The white ugly thing bites you! The white ugly thing freezes you!!
You die... ▓▓▓▓▓▓▓▓▓▓▓▓▓▓▓▓▓▓▓▓▓▓▓▓ '!.|)[..=.†.[...@up.ZaF. ▓▓▓▓▓▓▓▓▓▓▓▓▓▓▓▓▓▓▓▓▓▓▓▓

You could see a death knight, a white ugly thing, a bullfrog, a worker ant and a giant cockroach zombie.

Vanquished Creatures
  A troll (D)
  A yak (D)
  A water moccasin (D)
  An ice beast (D)
  A sky beast (D)
  A black bear (D)
  A big kobold (D)
  A howler monkey (D)
  An adder (D)
  A leopard gecko (D)
  A bat zombie (D)
  A giant cockroach (D)
  A goblin (D)
  A jackal (D)
  A ball python (D)
  A kobold (D)
16 creatures vanquished.

Notes
Turn   | Place    | Note
-------+----------+-------------------------------------------
     0 | D        | Freyura the Minotaur Fighter began the quest for the Orb.
     0 | D        | Reached XP level 1. HP: 19/19 MP: 0/0
     4 | D        | Reached skill level 4 in Fighting
    11 | D        | Reached skill level 1 in Dodging
    66 | D        | Noticed a black bear
    66 | D        | Noticed a sky beast
    70 | D        | Killed a black bear
    70 | D        | Reached skill level 6 in Fighting
    70 | D        | Reached skill level 5 in Armour
    70 | D        | Reached skill level 5 in Shields
    70 | D        | Reached XP level 2. HP: 31/31 MP: 1/1
    70 | D        | Reached XP level 3. HP: 38/38 MP: 2/2
    70 | D        | Reached XP level 4. HP: 45/45 MP: 3/3
    84 | D        | Killed a sky beast
    84 | D        | Reached skill level 8 in Fighting
    84 | D        | Reached XP level 5. HP: 7/53 MP: 4/4
   214 | D        | Found a roughly hewn altar of Beogh.
   214 | D        | Found a snail-covered altar of Cheibriados.
   214 | D        | Found a shadowy altar of Dithmenos.
   214 | D        | Found a white marble altar of Elyvilon.
   214 | D        | Found a blossoming altar of Fedhas.
   214 | D        | Found an opulent altar of Gozag.
   215 | D        | Found a hazy altar of Hepliaklqana.
   216 | D        | Found a viscous altar of Jiyva.
   217 | D        | Found an ancient bone altar of Kikubaaqudgha.
   218 | D        | Found a corrupted altar of Lugonu.
   219 | D        | Found a burning altar of Makhleb.
   220 | D        | Found a sparkling altar of Nemelex Xobeh.
   221 | D        | Found an iron altar of Okawaru.
   222 | D        | Found a stormy altar of Qazlal.
   223 | D        | Found a sacrificial altar of Ru.
   224 | D        | Found a shimmering blue altar of Sif Muna.
   225 | D        | Found a bloodstained altar of Trog.
   226 | D        | Found a hide-covered altar of Uskayaw.
   227 | D        | Found a radiant altar of Vehumet.
   228 | D        | Found an ornate altar of the Wu Jian Council.
   229 | D        | Found a shimmering altar of Xom.
   230 | D        | Found a basalt altar of Yredelemnul.
   231 | D        | Found a glowing silver altar of Zin.
   232 | D        | Found a glowing golden altar of the Shining One.
   240 | D        | Became a worshipper of the Shining One
   282 | D        | Noticed a water moccasin
   282 | D        | Noticed an ice beast
   282 | D        | Noticed a yak
   282 | D        | Noticed a troll
   282 | D        | Reached * piety under the Shining One
   285 | D        | Killed a water moccasin
   285 | D        | Reached skill level 9 in Fighting
   285 | D        | Reached skill level 1 in Invocations
   285 | D        | Reached XP level 6. HP: 63/63 MP: 4/6
   287 | D        | Killed an ice beast
   287 | D        | Reached skill level 5 in Dodging
   290 | D        | Killed a yak
   290 | D        | Reached skill level 10 in Fighting
   290 | D        | Reached XP level 7. HP: 72/72 MP: 4/8
   296 | D        | Killed a troll
   296 | D        | Reached skill level 10 in Maces & Flails
   300 | D        | Reached skill level 11 in Fighting
   369 | D        | Noticed a white ugly thing
   369 | D        | Reached ** piety under the Shining One
   369 | D        | Noticed a death knight
   376 | D        | Slain by a white ugly thing

Skill      XL: |  1  2  3  4  5  6  7 |
---------------+----------------------+-----
Fighting       | 6 8 9 10 11 | 11.0
Maces & Flails | 6 7 8 9 10 | 10.7
Dodging        | 3 4 5 6 |  6.6
Armour         | 5 6 7 8 |  8.3
Shields        | 5 6 7 8 |  8.2
Invocations    | 1 3 4 |  4.2

Action                   |  1- 3 |  4- 6 |  7- 9 || total
-------------------------+-------+-------+-------++-------
Melee: Flail             |    15 |    15 |       ||    30
       Headbutt          |     2 |     6 |     3 ||    11
       Morningstar       |       |     8 |    16 ||    24
Invok: Divine Shield     |       |       |     1 ||     1
  Use: Potion            |     2 |       |       ||     2
Armor: Scale mail        |     6 |    13 |     5 ||    24
Dodge: Dodged            |     2 |     5 |     5 ||    12
Block: Medium shield     |     4 |     9 |    10 ||    23
